 Dungeon Crawl Stone Soup version 0.27-a0-1438-g9b7c6745da (webtiles) character file.

Game seed: 7406644633205649200

2025 2tc the Reanimator (level 9, -9/57 HPs)
             Began as a Demonspawn Necromancer on July 4, 2021.
             Mangled by a gnoll sergeant (14 damage)
             ... on level 6 of the Dungeon.
             The game lasted 00:22:23 (8385 turns).

2tc the Reanimator (Demonspawn Necromancer)         Turns: 8385, Time: 00:22:24

Health: -9/57      AC:  4    Str: 13    XL:     9   Next: 3%
Magic:  3/12       EV: 12    Int: 22    God:
Gold:   304        SH:  0    Dex: 13    Spells: 8/12 levels left

rFire    . . .     SeeInvis .   a - +3 war axe (elec)
rCold    + . .     Faith    .   (no shield)
rNeg     . . .     Spirit   .   o - +0 robe of Burning Brilliance {rElec rC+}
rPois    .         Reflect  .   (helmet restricted)
rElec    +         Harm     .   p - +0 cloak
rCorr    .         Rampage  .   (no gloves)
Will     .....                  f - +0 pair of boots
Stlth    ++........             (no amulet)
HPRegen  0.19/turn              j - +6 ring of intelligence
MPRegen  0.13/turn              (no ring)

@: hasted, very quick
A: horns 2, powered by pain 1, sturdy frame 2
a: no special abilities


You were on level 6 of the Dungeon.
You visited 1 branch of the dungeon, and saw 6 of its levels.

You collected 304 gold pieces.

Inventory:

Hand Weapons
 a - a +3 war axe of electrocution (weapon)
 d - a +1 dagger
 h - a +0 hand axe
Armour
 f - a +0 pair of boots (worn)
 o - the +0 robe of Burning Brilliance (worn) {rElec rC+}
   (You found it on level 4 of the Dungeon)

   rC:        It protects you from cold.
   rElec:     It insulates you from electricity.
 p - a +0 cloak (worn)
Jewellery
 j - a +6 ring of intelligence (left hand)
Wands
 i - a wand of digging (4)
 q - a wand of iceblast (4)
Scrolls
 g - a scroll of fog
 m - a scroll of teleportation
Potions
 b - 2 potions of mutation
 c - 4 potions of lignification
 k - 2 potions of brilliance
 l - a potion of berserk rage
 r - a potion of flight {unknown}


   Skills:
 * Level 8.2 Axes
 - Level 1.7 Dodging
 - Level 1.7 Stealth
 - Level 2.0 Spellcasting
 - Level 9.4 Necromancy


You had 8 spell levels left.
You knew the following spells:

 Your Spells              Type           Power      Damage    Failure   Level
a - Pain                  Necr           100%       1d9       1%          1
b - Vampiric Draining     Necr           21%        2d9       1%          3

Your spell library contained the following spells:

 Spells                   Type           Power      Damage    Failure   Level
 Animate Skeleton         Necr           86%        N/A       1%          1
 Animate Dead             Necr           21%        N/A       2%          4
 Agony                    Necr           43%        N/A       8%          5
 Freeze                   Ice            8%         1d3       14%         1
 Slow                     Hex            2%         N/A       21%         2
 Confusing Touch          Hex            2%         N/A       38%         3
 Frozen Ramparts          Ice            4%         1d2       38%         3
 Gell's Gravitas          Tloc           1%         N/A       38%         3
 Teleport Other           Tloc           2%         N/A       38%         3
 Hailstorm                Conj/Ice       2%         3d3       80%         4
 Ice Form                 Ice/Tmut       2%         N/A       80%         4
 Simulacrum               Ice/Necr       11%        N/A       97%         6
 Yara's Violent Unravell  Hex/Tmut       1%         3d3       98%         5
 Dispersal                Tloc           1%         N/A       100%        6


Dungeon Overview and Level Annotations

Branches:
Dungeon (6/15)
 Temple: D:4-7

Altars:
Cheibriados
Gozag
Xom
Zin
The Shining One


Innate Abilities, Weirdness & Mutations

You have a pair of horns on your head.
You sometimes gain a little power by taking damage.
Your movements are less encumbered by armour. (ER -4)


Message History

The centaur kicks you.
The gnoll sergeant hits you from afar with a +0 spear.
You hear a shout!
Okay, then.
Okay, then.
You feel yourself speed up. The centaur hits you.
The centaur barely misses you.
The gnoll sergeant hits you from afar with a +0 spear!
The centaur hits you. The centaur kicks you.
Casting: Vampiric Draining (safe; 1% risk of failure)
Confirm with . or Enter, or press ? or * to list all spells.
Aiming: Vampiric Draining (safe; 1% risk of failure)
Press: ? - help, Shift-Dir - straight line, f - centaur
Aim: a centaur, quivering arrows (moderately wounded)
You draw life force from the centaur.
You feel life coursing into your body.
The gnoll sergeant hits you from afar with a +0 spear!
* * * LOW HITPOINT WARNING * * *
The centaur hits you but does no damage.
The centaur closely misses you.
The gnoll sergeant hits you from afar with a +0 spear!
* * * LOW HITPOINT WARNING * * *
Casting: Vampiric Draining (safe; 1% risk of failure)
Confirm with . or Enter, or press ? or * to list all spells.
Aiming: Vampiric Draining (safe; 1% risk of failure)
Press: ? - help, Shift-Dir - straight line, f/p - centaur
Aim: a centaur, quivering arrows (moderately wounded)
You draw life force from the centaur.
You feel life coursing into your body. The centaur hits you.
* * * LOW HITPOINT WARNING * * *
The centaur kicks you but does no damage.
The gnoll sergeant closely misses you.
Casting: Vampiric Draining (safe; 1% risk of failure)
Confirm with . or Enter, or press ? or * to list all spells.
Aiming: Vampiric Draining (safe; 1% risk of failure)
Press: ? - help, Shift-Dir - straight line, f/p - centaur
Aim: a centaur, quivering arrows (heavily wounded)
You draw life force from the centaur.
You feel life coursing into your body. The centaur barely misses you.
The centaur misses you.
The gnoll sergeant hits you from afar with a +0 spear!
You die...

#.# #.# #####.#
#.....# #...†##
###############......
#>..................#
##.###########.......#
#....@c.# #......##
#.......# ########
#..g....# ##'######
#.# #.# #.# #g


You could see a gnoll sergeant (berserk) and a centaur.

Vanquished Creatures
  6 yaks (D:5)
  A water moccasin (D:6)
  A hornet zombie (D:5)
  A sky beast (D:6)
  A necrophage (D:6)
  An ogre (D:4)
  2 scorpions (D:5)
  A wyvern skeleton (D:5)
  A water moccasin skeleton (D:6)
  A howler monkey (D:5)
  A jelly (D:4)
  A hound (D:6)
  3 orc priests
  Natasha (thrice) (D:3)
  2 iguanas (D:5)
  A killer bee zombie (D:5)
  A hound zombie (D:5)
  2 adders
  A white imp (D:5)
  A worm (D:4)
  2 dart slugs
  18 orcs
  8 ball pythons
  6 endoplasms
  2 giant cockroaches (D:1)
  6 goblins
  4 hobgoblins
  13 jackals
  14 kobolds
  4 quokkas
  7 bats
  5 frilled lizards
  9 rats
130 creatures vanquished.

Notes
Turn   | Place    | Note
-------+----------+-------------------------------------------
     0 | D:1      | 2tc the Demonspawn Necromancer began the quest for the Orb.
     0 | D:1      | Reached XP level 1. HP: 13/13 MP: 3/3
   229 | D:1      | Gained mutation: Your movements are slightly less
                  | encumbered by armour. (ER -2) [demonic ancestry]
   229 | D:1      | Reached XP level 2. HP: 17/19 MP: 3/5
   238 | D:1      | Reached skill level 5 in Necromancy
   634 | D:1      | Found a faded altar of an unknown god.
  1316 | D:1      | Gained mutation: You sometimes gain a little power by
                  | taking damage. [demonic ancestry]
  1316 | D:1      | Reached XP level 3. HP: 21/24 MP: 2/6
  2154 | D:2      | Learned a level 3 spell: Vampiric Draining
  2423 | D:2      | Found a snail-covered altar of Cheibriados.
  2528 | D:2      | Reached skill level 6 in Necromancy
  2697 | D:2      | Reached XP level 4. HP: 28/30 MP: 4/7
  3381 | D:3      | Noticed Natasha
  3390 | D:3      | Killed Natasha
  3675 | D:3      | Noticed Natasha
  3680 | D:3      | Killed Natasha
  3681 | D:3      | Reached skill level 7 in Necromancy
  3681 | D:3      | Reached XP level 5. HP: 31/35 MP: 0/8
  4157 | D:3      | Noticed Natasha
  4161 | D:3      | Killed Natasha
  4265 | D:3      | Found a shimmering altar of Xom.
  4564 | D:4      | Noticed an ogre
  4571 | D:4      | Killed an ogre
  4572 | D:4      | Reached skill level 8 in Necromancy
  4572 | D:4      | Gained mutation: You have a pair of small horns on your
                  | head. [demonic ancestry]
  4572 | D:4      | Reached XP level 6. HP: 12/41 MP: 0/9
  5272 | D:4      | Identified the +0 robe of Burning Brilliance {rElec rC+}
  5296 | D:5      | Entered Level 5 of the Dungeon
  5493 | D:5      | Found an opulent altar of Gozag.
  5630 | D:5      | Identified a scroll of acquirement
  5630 | D:5      | Acquired a +3 war axe of electrocution
  5643 | D:5      | Noticed a yak
  5643 | D:5      | Noticed a yak
  5643 | D:5      | Noticed a yak
  5643 | D:5      | Noticed a yak
  5645 | D:5      | Noticed a yak
  5648 | D:5      | Noticed a yak
  5652 | D:5      | Killed a yak
  5653 | D:5      | Reached XP level 7. HP: 42/46 MP: 6/10
  5656 | D:5      | Killed a yak
  5657 | D:5      | Reached skill level 9 in Necromancy
  7201 | D:5      | Gained mutation: You have a pair of horns on your head.
                  | [demonic ancestry]
  7201 | D:5      | Reached XP level 8. HP: 52/52 MP: 11/11
  7342 | D:5      | Reached skill level 5 in Axes
  8289 | D:6      | Gained mutation: Your movements are less encumbered by
                  | armour. (ER -4) [demonic ancestry]
  8289 | D:6      | Reached XP level 9. HP: 44/57 MP: 12/12
  8385 | D:6      | Mangled by a gnoll sergeant

Illustrated notes

Levels and vault maps discovered:
D:1:      minmay_arrival_jagged, layout_loops_corners, basic_ecumenical_altar,
          minmay_misc_feat_rows, minmay_pentomino_t4
D:2:      minmay_spotlight, layout_basic, basic_altar, serial_park_tiny_pond,
          grunt_ministairs_12
D:3:      layout_loops_ring, old_standard_altar, lemuel_round_altar,
          uniq_natasha
D:4:      layout_rooms
D:5:      layout_loops_ring, pdpol_temple_overflow_zin_treasury_gozag_greed,
          kennysheep_generic_room_10
D:6:      layout_basic, minmay_temple_entry_poolview, bh_walls_and_bars

Skill      XL: |  1  2  3  4  5  6  7  8 |
---------------+-------------------------+-----
Necromancy     | 5 6 7 8 9 |  9.4
Axes           | 2 4 8 |  8.2
Dodging        | |  1.7
Stealth        | |  1.7
Spellcasting   | |  2.0

Action                   |  1- 3 |  4- 6 |  7- 9 || total
-------------------------+-------+-------+-------++-------
Melee: Dagger            |    18 |    14 |       ||    32
       War axe           |       |     1 |    63 ||    64
       Headbutt          |       |       |     3 ||     3
 Cast: Pain              |    82 |   100 |    31 ||   213
       Vampiric Draining |       |     6 |    21 ||    27
Evoke: Wand              |       |       |     8 ||     8
  Use: Scroll            |     7 |     9 |     5 ||    21
       Potion            |       |     1 |     5 ||     6
 Stab: Sleeping          |       |     1 |       ||     1
Armor: Robe              |     6 |    10 |    19 ||    35
Dodge: Dodged            |    14 |    20 |    56 ||    90

Table legend: (Time is in decaauts)
 A = Elapsed time spent in this place.
 B = Non-inter-level travel time spent in this place.
 C = Inter-level travel time spent in this place.
 D = Time resting spent in this place.
 E = Time spent auto-exploring this place.
 F = Levels seen in this place.
 G = Mean time per level.
                   A        B        C        D        E       F      G
               +--------+--------+--------+--------+--------+-----+--------+
         Total |   8404 |   7982 |    422 |   1179 |   5815 |   6 | 1400.7 |
       Dungeon |   8404 |   7982 |    422 |   1179 |   5815 |   6 | 1400.7 |
               +--------+--------+--------+--------+--------+-----+--------+

Top non-repeatable levels by time:
     D:1: 1875 daAuts
     D:5: 1813 daAuts
     D:3: 1806 daAuts
     D:2: 1207 daAuts
     D:4: 1099 daAuts
     D:6: 601 daAuts
